 Dungeon Crawl Stone Soup version 0.32-a0-607-g64ea0e4219 (webtiles) character file.

Game seed: 1335289492456213148

316 gimp the Shooter (level 6, -4/72 HPs)
             Began as a Coglin Hunter on Mar 3, 2024.
             Slain by an orc warrior
             ... wielding a +0 glaive
              (14 damage)
             ... on level 4 of the Dungeon.
             The game lasted 00:07:24 (3672 turns).

gimp the Shooter (Coglin Hunter)                    Turns: 3672, Time: 00:07:25

Health: -4/72      AC:  4    Str: 11    XL:     6   Next: 44%
Magic:  6/6        EV: 12    Int:  9    God:
Gold:   121        SH:  0    Dex: 19    Spells: 5/5 levels left

rFire   . . .        a - +2 sling {Anedjib}
rCold   . . .        d - +0 sling {Enrique}
rNeg    . . .        c - +0 leather armour
rPois   .            g - +1 hat
rElec   .            (no cloak)
rCorr   .            (no gloves)
SInv    .            (no boots)
Will    .....        (amulet unavailable) Stlth
                     (ring unavailable)
HPRegen 0.32/turn    (ring unavailable)
MPRegen 0.10/turn    (no gizmo)

%: no passive effects
@: mighty, berserking, revved, very quick
A: off-hand wielding, slow wielding, warmup strikes, no jewellery
a: Invent Gizmo


You were on level 4 of the Dungeon.
You visited 1 branch of the dungeon, and saw 4 of its levels.

You collected 154 gold pieces.
You spent 33 gold pieces at shops.

Inventory:

Hand Weapons
 a - a +2 sling (weapon) {Anedjib}
 d - a +0 sling (offhand) {Enrique}
Armour
 c - a +0 leather armour (worn)
 g - a +1 hat (worn)
Scrolls
 b - a scroll of butterflies
 e - 3 scrolls of enchant weapon {unknown}
 h - a scroll of amnesia {unknown}
 i - a scroll of teleportation
 j - 2 scrolls of fog {unknown}
 l - a scroll of identify {unknown}
Potions
 f - a potion of berserk rage


   Skills:
 + Level 4.1 Fighting
 * Level 6.0 Ranged Weapons
 - Level 1.7 Dodging
 - Level 0.7 Stealth


You had 5 spell levels left.
You didn't know any spells.
Your spell library contained the following spells:

 Spells                   Type           Power      Damage    Failure   Level
 Magic Dart               Conj           0%         1d3       47%         1
 Sting                    Conj/Alch      0%         1d3       47%         1
 Blink                    Tloc           0%         N/A       63%         2
 Call Imp                 Summ           0%         N/A       63%         2
 Mercury Vapours          Alch/Air       0%         N/A       63%         2
 Olgreb's Toxic Radiance  Alch           0%         N/A       99%         4


Dungeon Overview and Level Annotations

Branches:
Dungeon (4/15)
 Temple: D:4-7

Altars:
Elyvilon
Kikubaaqudgha
Makhleb
Nemelex Xobeh
Trog
Vehumet

Shops:
D:3 *[[


Innate Abilities, Weirdness & Mutations

You can wield a second weapon in your off-hand.
It takes a long time for you to wield or remove held weapons.
Your first few attacks do less damage.
You cannot equip rings or amulets.


Message History

Aim: an orc warrior, wielding a +0 sling, wearing a +0 plate armour and quivering stones (65% to hit)
You shoot a sling bullet. The sling bullet hits the orc warrior.
The orc warrior is lightly wounded.
You shoot a sling bullet.
The sling bullet closely misses the orc warrior.
Your surroundings suddenly seem different.
You open the door.
Found a bloodstained altar of Trog.
Health restored: 48
There is an open door here.
Found a scroll labelled IZOCUGG GONA.
Unknown command.
Unknown command.
Unknown command.
Found a stone staircase leading down.
Found 11 gold pieces.
There is a stone staircase leading down here.
You see here 11 gold pieces.
A goblin comes into view. It is wielding a +0 club.
The goblin shouts!
A goblin is nearby!
You shoot a sling bullet. The sling bullet hits the goblin.
You kill the goblin!
You shoot a sling bullet.
No target in view!
No target in view!
Things that are here:
a +0 club; a goblin corpse
Things that are here:
a +0 club; a goblin corpse You see here 11 gold pieces.
There is a stone staircase leading down here.
Fire: a) +2 sling {Anedjib}
Press: ? - help, Q - select action, (/) - cycle Shift-Dir - straight line, f - orc wizard
Aim: an orc wizard, wielding a +0 dagger and wearing a +0 robe (wandering, hasn't noticed you, 59% to hit)
You shoot a sling bullet. The orc warrior shouts!
The sling bullet hits the orc wizard but does no damage.
You shoot a sling bullet.
The sling bullet barely misses the orc wizard.
You shoot a sling bullet.
The sling bullet barely misses the orc wizard.
The sling bullet closely misses the orc warrior.
You shoot a sling bullet.
The sling bullet hits the orc wizard but does no damage.
You shoot a sling bullet. The sling bullet hits the orc wizard.
The orc wizard is heavily wounded.
You shoot a sling bullet. The sling bullet hits the orc wizard.
The orc wizard is severely wounded.
You shoot a sling bullet. The sling bullet hits the orc wizard.
You kill the orc wizard!
You shoot a sling bullet.
The sling bullet barely misses the orc warrior.
The orc warrior shoots a sling bullet.
The sling bullet hits you.
Your Ranged Weapons skill increases to level 6!
You take 5 damage, and have 43/48 hp.
You shoot a sling bullet. The sling bullet hits the orc warrior.
The orc warrior is moderately wounded.
You shoot a sling bullet.
The sling bullet hits the orc warrior but does no damage.
The orc warrior is moderately wounded.
You shoot a sling bullet.
The sling bullet hits the orc warrior but does no damage.
The orc warrior is moderately wounded.
You shoot a sling bullet.
The sling bullet barely misses the orc warrior.
The orc warrior unwields a +0 sling.
The orc warrior wields a +0 glaive.
The orc warrior hits you with a +0 glaive!
You take 7 damage, and have 36/48 hp.
You shoot a sling bullet.
The sling bullet hits the orc warrior but does no damage.
The orc warrior is moderately wounded.
You shoot a sling bullet. The sling bullet hits the orc warrior.
The orc warrior is moderately wounded.
The orc warrior closely misses you.
You shoot a sling bullet.
The sling bullet hits the orc warrior but does no damage.
The orc warrior is moderately wounded.
You shoot a sling bullet.
The sling bullet hits the orc warrior but does no damage.
The orc warrior is moderately wounded.
The orc warrior closely misses you.
You shoot a sling bullet.
The sling bullet hits the orc warrior but does no damage.
The orc warrior is moderately wounded.
You shoot a sling bullet.
The sling bullet hits the orc warrior but does no damage.
The orc warrior is moderately wounded.
The orc warrior hits you with a +0 glaive!
You take 16 damage, and have 21/48 hp.
MASSIVE DAMAGE!!
You are too injured to fight recklessly!
It was a potion of might.
You feel very mighty all of a sudden.
The orc warrior hits you with a +0 glaive!
* * * LOW HITPOINT WARNING * * *
You take 14 damage, and have 7/48 hp.
MASSIVE DAMAGE!!
A red film seems to cover your vision as you go berserk!
You feel yourself moving faster!
You feel mighty!
The orc warrior hits you with a +0 glaive!
You die...

#......# ##.......##.#
#. ######.#
#.........#.# #. #.#
#.........#.# #. #.#
#.........#.# ## #.###
##..o....##.# #. #.#.##
##....(###.# #. #....##
#....####.###.
##.....####..........##.
#......@o.....#####.....
##.....######## #.####
##...## #[.... ##.##
###### ###


You could see an orc warrior.

Vanquished Creatures
  An orc priest (D:3)
  3 iguanas (D:4)
  3 orc wizards
  7 adders
  A ribbon worm (D:3)
  2 dart slugs (D:2)
  5 orcs
  6 ball pythons
  A bat zombie (D:3)
  An endoplasm (D:3)
  2 giant cockroaches
  11 goblins
  5 hobgoblins
  7 kobolds
  A quokka (D:4)
  2 bats (D:3)
  6 frilled lizards
  A frilled lizard zombie (D:3)
  6 rats
71 creatures vanquished.

Notes
Turn   | Place    | Note
-------+----------+-------------------------------------------
     0 | D:1      | gimp the Coglin Hunter began the quest for the Orb.
     0 | D:1      | Reached XP level 1. HP: 16/16 MP: 1/1
   127 | D:1      | Found a faded altar of an unknown god.
   815 | D:1      | Reached XP level 2. HP: 22/22 MP: 2/2
  1116 | D:2      | Reached skill level 4 in Ranged Weapons
  1397 | D:2      | Reached XP level 3. HP: 28/28 MP: 3/3
  1973 | D:3      | Reached XP level 4. HP: 34/34 MP: 4/4
  1977 | D:3      | Found a white marble altar of Elyvilon.
  2120 | D:3      | Found Zoal's Antique Armour Shop.
  2150 | D:3      | Found a burning altar of Makhleb.
  2187 | D:3      | Found Nuith's Armour Emporium.
  2220 | D:3      | Reached skill level 5 in Ranged Weapons
  2220 | D:3      | Reached XP level 5. HP: 22/41 MP: 5/5
  2331 | D:3      | Found an ancient bone altar of Kikubaaqudgha.
  2354 | D:3      | Found Ehus's General Store.
  2364 | D:3      | Bought a scroll of teleportation for 33 gold pieces
  2455 | D:3      | Found a sparkling altar of Nemelex Xobeh.
  2875 | D:4      | Noticed an orc warrior
  3082 | D:4      | Reached XP level 6. HP: 48/48 MP: 6/6
  3237 | D:4      | Found a radiant altar of Vehumet.
  3466 | D:4      | Found a bloodstained altar of Trog.
  3666 | D:4      | Reached skill level 6 in Ranged Weapons
  3672 | D:4      | Slain by an orc warrior

Illustrated notes

Levels and vault maps discovered:
D:1:      dpeg_arrival_renting, layout_loops_corners,
          shapermc_ecumenical_altar_totnotflames, minmay_misc_feat_tiny
D:2:      layout_loops_corners
D:3:      layout_basic, nicolae_elyvilon_temple_path,
          lemuel_zombie_altar_kikubaaqudgha, bloody_makhleb,
          nemelex_diamond_rough_becter, serial_shops, nicolae_diamond_shop,
          shop, shop, interstate_on_off
D:4:      layout_loops_ring, mainiacjoe_overflow_cross_hatched,
          lightli_temple_of_fire

Skill      XL: |  1  2  3  4  5  6 |
---------------+-------------------+-----
Ranged Weapons | 4 5 6 |  6.0
Fighting       | 3 4 |  4.1
Dodging        | |  1.7
Stealth        | |  0.7

Action                     |  1- 3 |  4- 6 || total
---------------------------+-------+-------++-------
  Melee: Sling             |       |    10 ||    10
   Fire: Sling             |    86 |   234 ||   320
    Use: Potion            |       |     3 ||     3
         Scroll            |       |     1 ||     1
 Armour: Leather armour    |     5 |    27 ||    32
  Dodge: Dodged            |     8 |    31 ||    39

Table legend: (Time is in decaauts)
 A = Elapsed time spent in this place.
 B = Non-inter-level travel time spent in this place.
 C = Inter-level travel time spent in this place.
 D = Time resting spent in this place.
 E = Time spent auto-exploring this place.
 F = Levels seen in this place.
 G = Mean time per level.
                   A        B        C        D        E       F      G
               +--------+--------+--------+--------+--------+-----+--------+
         Total |   3709 |   3532 |    177 |      0 |   3120 |   4 |  927.2 |
       Dungeon |   3709 |   3532 |    177 |      0 |   3120 |   4 |  927.2 |
               +--------+--------+--------+--------+--------+-----+--------+

Top non-repeatable levels by time:
     D:3: 1056 daAuts
     D:1: 1002 daAuts
     D:2: 889 daAuts
     D:4: 761 daAuts
